 Dungeon Crawl Stone Soup version 0.25-a0-558-g78a2afb0af (webtiles) character file.

Game seed: 10798686156512799830, levelgen mode: deterministic

90 Flugslaktarn the Shield-Bearer (level 4, -1/37 HPs)
             Began as a Formicid Fighter on Feb 24, 2020.
             Was an Initiate of Cheibriados.
             Slain by an ogre
             ... wielding a +0 giant club
              (8 damage)
             ... on level 4 of the Dungeon.
             The game lasted 00:00:46 (1424 turns).

Flugslaktarn the Shield-Bearer (Formicid Fighter)   Turns: 1424, Time: 00:00:46

Health: -1/37      AC:  7    Str: 22    XL:     4   Next: 85%
Magic:  4/4        EV:  8    Int:  9    God:    Cheibriados [......]
Gold:   75         SH:  9    Dex: 11    Spells: 3/3 levels left

rFire    . . .     SeeInvis +   a - +0 war axe
rCold    . . .     Gourm    .   c - +0 kite shield
rNeg     . . .     Faith    .   b - +0 scale mail
rPois    .         Spirit   .   (helmet unavailable)
rElec    .         Reflect  .   (no cloak)
rCorr    .         Harm     .   (no gloves)
MR       .....                  (no boots)
Stlth    ..........             (no amulet)
HPRegen  0.12/turn              (no ring)
MPRegen  0.09/turn              (no ring)

@: slow
A: permanent stasis, dig shafts and tunnels, four strong arms, antennae 3
a: Dig, Shaft Self, Bend Time, Renounce Religion


You were on level 4 of the Dungeon.
You worshipped Cheibriados.
Cheibriados was noncommittal.
You were hungry.

You visited 2 branches of the dungeon, and saw 5 of its levels.

You collected 75 gold pieces.

Inventory:

Hand Weapons
 a - a +0 war axe (weapon)
Armour
 b - a +0 scale mail (worn)
 c - a +0 kite shield (worn)
Scrolls
 f - 2 scrolls of remove curse {unknown}
 g - a scroll of magic mapping {unknown}
 h - a scroll of blinking {unknown}
 i - a scroll of fog {unknown}
 j - a scroll of noise {unknown}
 l - 2 scrolls of enchant weapon {unknown}
 m - a scroll of identify {unknown}
 n - a scroll of teleportation {unknown}
Potions
 d - a potion of might
 k - a potion of haste {unknown}
 o - a potion of lignification {unknown}
Comestibles
 e - 2 rations


   Skills:
 + Level 3.8 Fighting
 * Level 3.2 Axes
 + Level 3.8 Armour
 + Level 4.3 Shields
 + Level 0.0 Invocations


You had 3 spell levels left.
You didn't know any spells.
Your spell library was empty.

Dungeon Overview and Level Annotations

Branches:
Dungeon (4/15)             Temple (1/1) D:4

Altars:
Cheibriados
Elyvilon
Fedhas
Gozag
Hepliaklqana
Kikubaaqudgha
Nemelex Xobeh
Qazlal
Ru
Sif Muna
Uskayaw
Vehumet
Yredelemnul


Innate Abilities, Weirdness & Mutations

You cannot be hasted, slowed, berserked, paralysed or teleported.
You can dig through walls and to a lower floor.
Your four strong arms can wield two-handed weapons with a shield.
You have a pair of large antennae on your head. (SInv)


Message History

The ogre hits you with a +0 giant club!
* * * LOW HITPOINT WARNING * * *
You are too injured to fight recklessly!
You are too injured to fight recklessly!
You are too injured to fight recklessly!
You are too injured to fight recklessly!
You are too injured to fight recklessly!
You are too injured to fight recklessly!
You are too injured to fight recklessly!
You are too injured to fight recklessly!
You are too injured to fight recklessly!
You are too injured to fight recklessly!
Unknown command.
You hit the ogre but do no damage.
The ogre is moderately wounded.
The ogre barely misses you.
You slash the ogre!
The ogre is almost dead.
The ogre hits you with a +0 giant club!
You die...

#.#.......
#.#.###### #.#.#
#.#.######
#.#....... #
#.######## .# #.# #
###########.# #.# #
......O@....#.#.# #
########......#.# #
#.######.# #
#.######.# #
#........###### #
###########.....###
#.........'.....'..
#.#......##.....###
#.#.#######.....#


You could see an ogre.

Vanquished Creatures
  A hound (D:4)
  A worker ant (D:4)
  An adder (D:2)
  An ooze (D:1)
  A dart slug (D:1)
  A leopard gecko (D:1)
  An orc (D:4)
  2 bats
  A giant cockroach (D:4)
  2 hobgoblins
  3 jackals (D:4)
  2 kobolds (D:1)
  2 goblins (D:1)
  2 rats
21 creatures vanquished.

Notes
Turn   | Place    | Note
-------+----------+-------------------------------------------
     0 | D:1      | Flugslaktarn the Formicid Fighter began the quest for the
                  | Orb.
     0 | D:1      | Reached XP level 1. HP: 18/18 MP: 1/1
    22 | D:1      | Reached XP level 2. HP: 22/24 MP: 2/2
   450 | D:2      | Reached skill level 4 in Shields
   450 | D:2      | Reached XP level 3. HP: 15/29 MP: 3/3
   747 | D:4      | Reached XP level 4. HP: 31/37 MP: 4/4
   806 | D:4      | Found a staircase to the Ecumenical Temple.
   865 | Temple   | Entered the Ecumenical Temple
  1241 | Temple   | Became a worshipper of Cheibriados the Contemplative
  1417 | D:4      | Noticed an ogre
  1424 | D:4      | Slain by an ogre

Levels and vault maps discovered:
D:1:      tarquinn_simple_flora_water_d, layout_basic, glass_columns_a
D:2:      layout_basic, grunt_temple_overflow_open
D:3:      layout_basic, uniq_terence
D:4:      layout_basic, temple_statues
Temple:   nicolae_temple_god_jail

Skill      XL: |  1  2  3 |
---------------+----------+-----
Shields        | 4 |  4.3
Axes           | 3 |  3.2
Fighting       | |  3.8
Armour         | |  3.8

Action                   |  1- 3 |  4- 6 || total
-------------------------+-------+-------++-------
Melee: War axe           |    61 |    21 ||    82
  Eat: Chunk             |       |     1 ||     1
Armor: Scale mail        |    39 |     7 ||    46
Dodge: Dodged            |    27 |     5 ||    32
Block: Kite shield       |    26 |    10 ||    36

Table legend:
 A = Non-vault XP
 B = Vault XP
 C = Vault XP percentage of total XP
 D = Non-vault monster count
 E = Vault monster count
 F = Vault count percentage of total count
                 A         B        C        D         E       F
            +---------+---------+-------+---------+---------+-------
      Total |     129 |       0 |   0.0 |      21 |       0 |   0.0
            +---------+---------+-------+---------+---------+-------
        D:1 |      24 |       0 |   0.0 |      10 |       0 |   0.0
        D:2 |      17 |       0 |   0.0 |       3 |       0 |   0.0
        D:3 |       1 |       0 |   0.0 |       1 |       0 |   0.0
        D:4 |      87 |       0 |   0.0 |       7 |       0 |   0.0
            +---------+---------+-------+---------+---------+-------
